 Dungeon Crawl Stone Soup version 0.24-a0-284-g9fb9971df1 (webtiles) character file.

Game seed: 3401678224524742453

1235 HAL9000 the Covert (level 8, -1/38 HPs)
             Began as a Vine Stalker Assassin on May 4, 2019.
             Was a Follower of Kikubaaqudgha.
             Slain by Prince Ribbit (12 damage)
             ... on level 6 of the Dungeon.
             The game lasted 00:14:56 (6756 turns).

HAL9000 the Covert (Vine Stalker Assassin)          Turns: 6756, Time: 00:14:56

Health: -1/38      AC:  3    Str: 15    XL:     8   Next: 49%
Magic:  0/9        EV: 11    Int: 12    God:    Kikubaaqudgha [*.....]
Gold:   193        SH:  0    Dex: 16    Spells: 1/7 levels left

rFire    . . .     SeeInvis .   a - +2 dagger
rCold    . . .     Gourm    .   (no shield)
rNeg     . . .     Faith    .   l - +0 robe
rPois    .         Spirit   +   (no helmet)
rElec    .         Reflect  .   d - +0 cloak
rCorr    +         Harm     .   (no gloves)
MR       +....                  (no boots)
Stlth    ++++......             (no amulet)
HPRegen  0.52/turn              m - ring of resist corrosion
MPRegen  0.11/turn              u - ring of wizardry

@: no status effects
A: fangs 3, regeneration 1, magic shield, antimagic bite, no potion heal 3, rot
immunity
a: Receive Corpses, Renounce Religion


You were on level 6 of the Dungeon.
You worshipped Kikubaaqudgha.
Kikubaaqudgha was aware of your devotion.
You were very hungry.

You visited 2 branches of the dungeon, and saw 7 of its levels.

You collected 193 gold pieces.

Inventory:

Hand Weapons
 a - a +2 dagger (weapon)
 b - a +0 blowgun
Missiles
 e - 16 poisoned needles
 f - 3 silver tomahawks
 r - a curare-tipped needle
 w - 2 tomahawks (quivered)
Armour
 c - a +0 robe
 d - a +0 cloak (worn)
 l - a +0 robe (worn)
Jewellery
 m - a ring of resist corrosion (left hand)
 u - a ring of wizardry (right hand)
Scrolls
 i - 2 scrolls of fog {unknown}
 j - 4 scrolls of identify
 n - 3 scrolls of remove curse
 o - 3 scrolls of teleportation
 p - a scroll of enchant weapon {unknown}
 t - a scroll of noise {unknown}
 v - a scroll of fear {unknown}
Potions
 h - a potion of flight
 k - a potion of magic
 q - a potion of brilliance
 s - a potion of mutation
 x - a potion of lignification {unknown}
Comestibles
 g - 13 rations


   Skills:
 - Level 1.7 Fighting
 + Level 7.0 Short Blades
 - Level 1.7 Throwing
 - Level 0.7 Dodging
 - Level 9.3 Stealth
 * Level 2.3 Necromancy


You had one spell level left.
You knew the following spells:

 Your Spells              Type           Power        Failure   Level  Hunger
a - Vampiric Draining     Necr           #.........   16%         3    ####...
b - Animate Skeleton      Necr           N/A          5%          1    ##.....
c - Blink                 Tloc           N/A          21%         2    ###....

Your spell library contained the following spells:

 Spells                   Type           Power        Failure   Level  Hunger
 Pain                     Necr           #...         5%          1    ##.....
 Magic Dart               Conj           #...         13%         1    ##.....
 Sublimation of Blood     Necr           #.........   8%          2    ###....
 Call Imp                 Summ           #.......     21%         2    ###....
 Slow                     Hex            #.......     21%         2    ###....
 Conjure Flame            Conj/Fire      #.......     36%         3    ####...
 Mephitic Cloud           Conj/Pois/Air  #.......     36%         3    ####...


Dungeon Overview and Level Annotations

Branches:
Dungeon (6/15)             Temple (1/1) D:4

Altars:
Ashenzari
Cheibriados
Dithmenos
Elyvilon
Fedhas
Hepliaklqana
Kikubaaqudgha
Makhleb
Nemelex Xobeh
Okawaru
Qazlal
Ru
Sif Muna
Trog
Uskayaw
Vehumet
Wu Jian
Xom
Yredelemnul
Zin

Shops:
D:5 *

Annotations:
D:6 Pikel, Prince Ribbit


Innate Abilities, Weirdness & Mutations

You have razor-sharp teeth.
Your natural rate of healing is unusually fast.
When hurt, damage is shared between your health and your magic reserves.
Your bite disrupts and absorbs the magic of your enemies.
Potions cannot restore your health.
You are immune to rotting.


Message History

Prince Ribbit is poisoned.
Prince Ribbit convulses.
Prince Ribbit seems to slow down.
Prince Ribbit is lightly wounded.
Prince Ribbit hits you!
Wield which item (- for none, * to show all)? (? for menu, Esc to quit)
a - a +2 dagger (weapon)
Your hound skeleton bites Prince Ribbit.
You closely miss Prince Ribbit. Your bite misses Prince Ribbit.
Prince Ribbit is moderately wounded.
Your hound skeleton bites Prince Ribbit.
Prince Ribbit hits you!
* * * LOW HITPOINT WARNING * * *
You miss Prince Ribbit. Your bite misses Prince Ribbit.
Prince Ribbit is moderately wounded.
Your hound skeleton misses Prince Ribbit.
You barely miss Prince Ribbit. Your bite misses Prince Ribbit.
Prince Ribbit is moderately wounded.
Prince Ribbit hits you!
You die...
Kikubaaqudgha rasps: "You have failed me!
Welcome... death!"

#...........#
#
#...........#
#........####
###..#######
##..### ####
##..##
####...#
###...##
........
##......#
.........
#......@#
.........
........ZF#
.........
#.........#
.........
..#........
.........
...........#
.........
...........
..?......
...........#
.........
...........#
.........
.........


You could see Prince Ribbit and a friendly hound skeleton.

Vanquished Creatures
  A slave (D:5)
  3 phantoms
  A centaur (D:5)
  A bullfrog (D:6)
  A crimson imp (D:5)
  A bullfrog zombie (D:5)
  3 orc priests
  5 hounds
  5 orc wizards
  A centaur skeleton (D:5)
  3 worker ants
  A hound zombie (D:5)
  A worker ant zombie (D:5)
  6 adders
  A gnoll (D:2)
  A howler monkey skeleton (D:4)
  4 river rats (D:5)
  An ooze (D:2)
  An adder skeleton (D:4)
  4 worms
  4 dart slugs
  5 leopard geckos
  20 orcs
  11 bats
  5 giant cockroaches
  6 goblins
  6 hobgoblins
  6 jackals
  A ball python (D:1)
  5 frilled lizards
  9 kobolds
  10 rats
  A plant (D:5)
134 creatures vanquished.

Vanquished Creatures (others)
  2 plants (D:5)
2 creatures vanquished.

Grand Total: 136 creatures vanquished

Notes
Turn   | Place    | Note
-------+----------+-------------------------------------------
     0 | D:1      | HAL9000 the Vine Stalker Assassin began the quest for the
                  | Orb.
     0 | D:1      | Reached XP level 1. HP: 11/11 MP: 2/2
    16 | D:1      | Reached skill level 5 in Stealth
    79 | D:1      | Reached XP level 2. HP: 11/15 MP: 1/3
   647 | D:1      | Reached XP level 3. HP: 18/18 MP: 4/4
   656 | D:1      | Reached skill level 6 in Stealth
  1622 | D:2      | Gained mutation: Your natural rate of healing is unusually
                  | fast. [Vine Stalker growth]
  1622 | D:2      | Reached XP level 4. HP: 11/23 MP: 2/5
  1916 | D:2      | Found a snail-covered altar of Cheibriados.
  1918 | D:2      | Found a shimmering altar of Xom.
  1921 | D:2      | Found an ornate altar of the Wu Jian Council.
  1922 | D:2      | Found a burning altar of Makhleb.
  1951 | D:2      | Reached skill level 7 in Stealth
  2845 | D:3      | Reached XP level 5. HP: 16/26 MP: 6/6
  3397 | D:4      | Reached XP level 6. HP: 9/30 MP: 1/7
  3498 | D:4      | Reached skill level 8 in Stealth
  3499 | D:4      | Found a staircase to the Ecumenical Temple.
  3520 | Temple   | Entered the Ecumenical Temple
  3735 | Temple   | Became a worshipper of Kikubaaqudgha
  4281 | D:4      | Found a burning altar of Makhleb.
  4489 | D:5      | Entered Level 5 of the Dungeon
  4503 | D:5      | Reached XP level 7. HP: 30/34 MP: 6/8
  4569 | D:5      | Found a white marble altar of Elyvilon.
  4845 | D:5      | Reached skill level 5 in Short Blades
  4895 | D:5      | Reached skill level 9 in Stealth
  5261 | D:5      | Reached * piety under Kikubaaqudgha
  5261 | D:5      | Identified Kikubaaqudgha's Almanac of Sinister Rites
                  | (Kikubaaqudgha gifted it to you on level 5 of the Dungeon)
  5261 | D:5      | Received a gift from Kikubaaqudgha
  5271 | D:5      | Learned a level 3 spell: Vampiric Draining
  5273 | D:5      | Learned a level 1 spell: Animate Skeleton
  5276 | D:5      | Learned a level 2 spell: Blink
  5350 | D:5      | Found Leorys's General Store.
  5502 | D:5      | Reached skill level 1 in Necromancy
  5502 | D:5      | Gained mutation: You have razor-sharp teeth. [Vine Stalker
                  | growth]
  5502 | D:5      | Reached XP level 8. HP: 34/38 MP: 9/9
  5750 | D:6      | Found a stormy altar of Qazlal.
  5767 | D:6      | Found a blossoming altar of Fedhas.
  5914 | D:6      | Noticed Pikel
  6748 | D:6      | Noticed Prince Ribbit
  6756 | D:6      | Slain by Prince Ribbit

Levels and vault maps discovered:
D:1:      beargit_arrival_greenhouse, layout_basic, columned_hall_lemuel,
          minmay_pentomino_s2
D:2:      layout_basic, grunt_temple_overflow_open
D:3:      layout_basic, kennysheep_nondescript
D:4:      layout_cave_pools, minmay_temple_entry_trees, serial_column_ruins,
          column_ruins_square_huge, column_ruins_circle_large,
          column_ruins_grid_1, column_ruins_grid_3, column_ruins_open_tiny,
          makhleb_blood_cavern_becter
D:5:      wad_woods_stonehenge, layout_basic, serial_shops, shop, first_ration
D:6:      layout_cave_pods, grunt_temple_overflow_forces_of_nature,
          tso_metal_star, minmay_misc_feat_more_columns, uniq_pikel,
          uniq_prince_ribbit1, uniq_duvessa
Temple:   nicolae_temple_figure_eight

Skill      XL: |  1  2  3  4  5  6  7  8 |
---------------+-------------------------+-----
Stealth        | 5 6 7 8 9 |  9.3
Short Blades   | 2 3 4 6 7 |  7.0
Necromancy     | 1 2 |  2.3
Fighting       | |  1.7
Throwing       | |  1.7
Dodging        | |  0.7

Action                   |  1- 3 |  4- 6 |  7- 9 || total
-------------------------+-------+-------+-------++-------
Melee: Dagger            |   130 |   181 |   313 ||   624
       Bite              |    37 |    52 |   111 ||   200
 Fire: Blowgun           |     3 |     8 |     3 ||    14
 Cast: Animate Skeleton  |       |       |     1 ||     1
Invok: Receive Corpses   |       |       |     1 ||     1
  Use: Scroll            |     1 |     5 |     5 ||    11
       Potion            |       |       |     1 ||     1
 Stab: Sleeping          |     8 |     7 |    12 ||    27
  Eat: Chunk             |     2 |     9 |     7 ||    18
Armor: Robe              |    43 |    15 |    23 ||    81
Dodge: Dodged            |    85 |    80 |    98 ||   263

Table legend:
 A = Non-vault XP
 B = Vault XP
 C = Vault XP percentage of total XP
 D = Non-vault monster count
 E = Vault monster count
 F = Vault count percentage of total count
                 A         B        C        D         E       F
            +---------+---------+-------+---------+---------+-------
      Total |    1666 |      99 |   5.6 |     125 |       7 |   5.3
            +---------+---------+-------+---------+---------+-------
        D:1 |      58 |       4 |   6.5 |      34 |       2 |   5.6
        D:2 |      88 |       0 |   0.0 |      22 |       0 |   0.0
        D:3 |      68 |       0 |   0.0 |      12 |       0 |   0.0
        D:4 |     331 |      40 |  10.8 |      14 |       1 |   6.7
        D:5 |     799 |      55 |   6.4 |      32 |       4 |  11.1
        D:6 |     322 |       0 |   0.0 |      11 |       0 |   0.0
            +---------+---------+-------+---------+---------+-------
